AoeStats
← 根本赢不了

Arena

510280523Analyzed
4v4 RM · 23h ago on Sep 30, 2026· 43m 5s· 8 players
Game mode
Random Map
Map size
Large (8 player)
Population
200
Speed
Normal
Resources
Standard
Victory
Conquest
Starting age
Dark Age
Ending age
Imperial Age
RankedLock teamsTeams togetherTeam positionsShared explorationLock speedFull tech treeHidden civsTurbo modeCheats
Victory
Defeat
🇨🇳 Saxons · China
1107
+45
🇨🇳 Bohemians · China
1091
+17
🇨🇳 Italians · China
1079
+17
🇹🇼 Franks · Taiwan
1076
+17
🇨🇳 Franks · China
1149
-18
🇲🇽 Spanish · Mexico
1133
-18
1080
-16
🇬🇧 Saracens · United Kingdom
1073
-15
noob9527
10:16 Feudal Age
14:20 Castle Age
13:23 Loom
13:44 Double-Bit Axe
21:02 Horse Collar
26:12 Imperial Age
24:37 Wheelbarrow
26:33 Heavy Plow
29:51 Chemistry
29:50 Scale Mail Armor
30:33 Bow Saw
31:03 Squires
30:48 Arson
30:53 Pikeman
32:43 Forging
32:36 Halberdier
35:56 Ballistics
37:21 Chain Mail Armor
37:41 Iron Casting
38:44 Plate Mail Armor
38:18 Fletching
38:28 Padded Archer Armor
41:39 Masonry
42:53 Blast Furnace
42:09 Leather Archer Armor
43:02 Bombard Tower
寻找迷失的爱
10:48 Feudal Age
11:45 Double-Bit Axe
12:38 Gold Mining
14:51 Castle Age
12:41 Horse Collar
14:31 Loom
15:44 Bow Saw
17:04 Stone Mining
20:50 Wheelbarrow
29:58 Imperial Age
28:05 Fletching
28:17 Padded Archer Armor
28:49 Ballistics
30:37 Bodkin Arrow
30:57 Leather Archer Armor
31:47 Hand Cart
31:35 Heavy Plow
32:39 Two-Man Saw
32:41 Conscription
34:12 Chemistry
34:42 Elite Genoese Crossbowman
35:33 Bracer
43:23 Ring Archer Armor
42:54 Scale Mail Armor
43:05 Forging
42:43 Town Watch
根本赢不了
10:45 Feudal Age
12:17 Town Watch
12:21 Double-Bit Axe
14:55 Castle Age
12:59 Horse Collar
15:00 Light Cavalry
22:20 Wheelbarrow
26:44 Fletching
27:34 Hand Cart
27:04 Loom
27:35 Hand Cart
29:41 Bodkin Arrow
33:08 Imperial Age
32:06 Ballistics
32:53 Pikeman
33:33 Squires
33:19 Arson
34:25 Bow Saw
34:17 Murder Holes
35:13 Bracer
36:38 Chemistry
35:33 Gold Mining
35:34 Stone Mining
36:18 Thumb Ring
36:15 Padded Archer Armor
36:29 Bloodlines
36:19 Husbandry
36:34 Cranequins
37:41 Leather Archer Armor
36:55 Elite Varangian Guard
38:06 Heavy Plow
37:34 Capped Ram
37:43 Halberdier
39:24 Scale Mail Armor
39:34 Forging
40:25 Chain Mail Armor
40:42 Herbal Medicine
41:26 Ring Archer Armor
41:31 Iron Casting
41:09 Siege Ram
42:23 Plate Mail Armor
41:37 Halberdier
3345678
10:30 Feudal Age
14:50 Castle Age
15:49 Double-Bit Axe
17:18 Wheelbarrow
17:06 Bow Saw
23:48 Hand Cart
25:59 Forging
25:54 Scale Barding Armor
25:59 Forging
25:54 Scale Barding Armor
25:46 Gold Mining
25:49 Loom
25:52 Town Watch
26:57 Town Patrol
27:37 Iron Casting
29:51 Imperial Age
27:31 Town Patrol
27:27 Man-at-Arms
27:52 Gambesons
28:07 Squires
27:28 Pikeman
28:44 Chain Barding Armor
28:07 Light Cavalry
28:47 Husbandry
28:12 Long Swordsman
29:25 Long Swordsman
29:57 Halberdier
31:25 Gold Shaft Mining
31:30 Conscription
31:05 Cavalier
35:12 Blast Furnace
34:47 Plate Barding Armor
33:39 Paladin
35:08 Chivalry
36:37 Elite Throwing Axeman
dr Kurwa mać i do przodu
11:03 Feudal Age
12:09 Double-Bit Axe
14:51 Castle Age
12:50 Horse Collar
15:40 Bow Saw
19:10 Loom
23:06 Wheelbarrow
24:34 Hand Cart
28:54 Imperial Age
27:07 Scale Barding Armor
28:26 Chain Barding Armor
30:14 Plate Barding Armor
29:52 Bloodlines
29:48 Cavalier
31:22 Capped Ram
32:21 Husbandry
33:20 Siege Ram
36:51 Savar
37:37 Pikeman
41:09 Scale Mail Armor
41:00 Fletching
41:51 Squires
41:37 Gambesons
41:18 Elite Skirmisher
humbertoliva
9:40 Loom
11:32 Feudal Age
9:47 Loom
15:11 Castle Age
32:10 Double-Bit Axe
33:11 Wheelbarrow
32:18 Horse Collar
32:49 Gold Mining
33:21 Bow Saw
33:15 Heavy Plow
34:12 Hand Cart
38:36 Imperial Age
37:14 Inquisition
38:23 Fortified Wall
40:21 Chemistry
40:19 Murder Holes
40:36 Elite Skirmisher
耿直的萌新
4:54 Loom
10:38 Feudal Age
12:47 Double-Bit Axe
15:29 Castle Age
14:59 Gold Mining
16:23 Scale Barding Armor
16:46 Bow Saw
22:06 Husbandry
23:20 Forging
25:54 Iron Casting
25:45 Chain Barding Armor
27:22 Wheelbarrow
27:53 Gold Shaft Mining
31:05 Imperial Age
31:16 Imperial Age
28:39 Stone Mining
29:33 Iron Casting
31:27 Hand Cart
31:29 Masonry
31:19 Cavalier
33:25 Blast Furnace
32:45 Paladin
35:11 Plate Barding Armor
37:33 Chemistry
36:39 Siege Engineers
36:22 Town Watch
36:30 Man-at-Arms
36:56 Gambesons
37:46 Fletching
38:10 Chivalry
38:31 Conscription
38:37 Long Swordsman
39:19 Squires
39:04 Arson
42:14 Scale Mail Armor
Lamlam
10:50 Feudal Age
12:58 Feudal Age
13:48 Double-Bit Axe
16:41 Castle Age
14:24 Horse Collar
16:37 Wheelbarrow
17:11 Stone Mining
17:33 Bow Saw
18:16 Loom
18:24 Gold Mining
24:14 Hand Cart
28:32 Gold Shaft Mining
32:14 Imperial Age
29:30 Town Watch
30:07 Masonry
32:08 Fletching
32:19 Padded Archer Armor
33:59 Chemistry
35:48 Leather Archer Armor
41:04 Ballistics
Connection lost

Rejoining the realm…

Still unreachable

The connection could not be restored.

Session expired

The server has moved on; the page needs a fresh start.